 Dungeon Crawl Stone Soup version 0.17.1-1-g73c8601 (webtiles) character file.

99 Killerpretzel the Conjurer (level 4, -1/24 HPs)
             Began as a Deep Elf Conjurer on Dec 30, 2015.
             Slain by an adder (3 damage)
             ... on level 3 of the Dungeon.
             The game lasted 00:09:04 (2274 turns).

Killerpretzel the Conjurer (Deep Elf Conjurer)      Turns: 2274, Time: 00:09:04

Health: -1/24      AC:  2    Str:  6    XL:     4   Next: 45%
Magic:  2/10       EV: 13    Int: 20    God:
Gold:   77         SH:  0    Dex: 15    Spells: 2 memorised, 6 levels left

rFire  . . .     SeeInvis .     h - +0 hunting sling
rCold  . . .     Clarity  .     a - +0 robe
rNeg   . . .     SustAt   .     (no shield)
rPois  .         Gourm    .     (no helmet)
rElec  .         Spirit   .     (no cloak)
rCorr  .         Warding  .     (no gloves)
rMut   .         Stasis   .     (no boots)
MR     .....                    (no amulet)
Stlth  ++........               (no ring)
                                (no ring)

@: not resistant to hostile enchantments, unstealthy
A: no striking features
a: no special abilities


You were on level 3 of the Dungeon.
You were not hungry.

You visited 1 branch of the dungeon, and saw 3 of its levels.

You collected 77 gold pieces.

Inventory:

Hand Weapons
 d - a +0 dagger
 h - a +0 hunting sling (weapon)
 r - a +1 whip of electrocution
 s - a +2 whip of venom
Missiles
 e - 86 stones (quivered)
Armour
 a - a +0 robe (worn)
Jewellery
 u - an uncursed ring of protection from magic {unknown}
Scrolls
 g - a scroll of enchant weapon {unknown}
 i - a scroll of recharging
 k - 2 scrolls of magic mapping
 l - a scroll of remove curse {unknown}
 n - 2 scrolls of identify {unknown}
 q - a scroll of enchant armour {unknown}
Potions
 f - 3 potions of curing {unknown}
 j - a potion of flight {unknown}
 m - a potion of magic {unknown}
 o - a potion of invisibility {unknown}
 p - a potion of lignification {unknown}
 v - 2 potions of poison {unknown}
Books
 b - a book of Conjurations

   Spells                             Type                      Level
   a - Magic Dart                     Conjuration                  1
   b - Searing Ray                    Conjuration                  2
   c - Dazzling Spray                 Conjuration/Hexes            3
   d - Fulminant Prism                Conjuration/Hexes            4
   e - Iskenderun's Mystic Blast      Conjuration                  4
   f - Iskenderun's Battlesphere      Conjuration/Charms           5
Comestibles
 c - a bread ration


   Skills:
 - Level 2.4 Dodging
 - Level 2.4 Stealth
 - Level 3.0 Spellcasting
 + Level 6.5 Conjurations


You had 6 spell levels left.
You knew the following spells:

 Your Spells              Type           Power        Failure   Level  Hunger
a - Magic Dart            Conj           ####         1%          1    None
b - Searing Ray           Conj           ####..       1%          2    ##.....


Dungeon Overview and Level Annotations

Branches:
Dungeon (3/15)

Altars:
Fedhas
Qazlal
The Shining One

Annotations:
D:3 Musteatbrain's ghost, amateur DsFi


Message History

Press: ? - help, Shift-Dir - straight line, f/p - Musteatbrain's ghost
Aim: Musteatbrain's ghost (moderately damaged)
The searing ray hits Musteatbrain's ghost.
Musteatbrain's ghost is heavily damaged.
Musteatbrain's ghost hits you.
The searing ray hits Musteatbrain's ghost.
Musteatbrain's ghost is heavily damaged.
Musteatbrain's ghost closely misses you.
The searing ray hits Musteatbrain's ghost.
Musteatbrain's ghost is severely damaged.
Musteatbrain's ghost hits you!
The searing ray hits Musteatbrain's ghost.
Musteatbrain's ghost is almost destroyed.
The adder barely misses you. Musteatbrain's ghost hits you!
Ouch! That really hurt!
* * * LOW HITPOINT WARNING * * *
The adder barely misses you. The adder closely misses you. The adder bites you.
You die...

.....#. .... ...... .....#.
.... .....##### #....%.
....###.....#... .......
....>.......... !......
............. #......
#...........
.....g)#######...........
..............WS@..<.......
...##....#######...........
..........# ##..........
...#......# ##.........
..g.......# ######.###
..........# .# ..........#
# . #...<..# g ##..#...#


You could see Musteatbrain's ghost and an adder.

Vanquished Creatures
  5 adders
  3 worms (D:2)
  A ball python (D:2)
  5 bats
  3 giant cockroaches (D:2)
  6 hobgoblins
  11 jackals (D:2)
  4 kobolds
  A giant gecko (D:1)
  2 giant newts
  A goblin (D:2)
  2 rats
44 creatures vanquished.

Notes
Turn   | Place    | Note
--------------------------------------------------------------
     0 | D:1      | Killerpretzel the Deep Elf Conjurer began the quest for the Orb.
     0 | D:1      | Reached XP level 1. HP: 10/10 MP: 6/6
   222 | D:1      | Reached XP level 2. HP: 15/15 MP: 1/8
   285 | D:1      | Learned a level 2 spell: Searing Ray
   352 | D:1      | Reached skill level 5 in Conjurations
   836 | D:2      | Found a stormy altar of Qazlal.
   865 | D:2      | Reached XP level 3. HP: 12/19 MP: 1/9
  1004 | D:2      | Found a glowing golden altar of the Shining One.
  1067 | D:2      | Found a blossoming altar of Fedhas.
  1527 | D:2      | Reached skill level 6 in Conjurations
  1689 | D:2      | Reached XP level 4. HP: 24/24 MP: 7/10
  2259 | D:3      | Noticed Musteatbrain's ghost (amateur DsFi)
  2267 | D:3      | HP: 1/24 [Musteatbrain's ghost (13)]
  2274 | D:3      | Slain by an adder

Action                   |  1- 3 |  4- 6 || total
-------------------------+-------+-------++-------
Melee: Dagger            |     2 |       ||     2
 Fire: Hunting sling     |     4 |       ||     4
 Cast: Magic Dart        |    59 |    22 ||    81
       Searing Ray       |     3 |     5 ||     8
  Use: Scroll            |     3 |       ||     3
  Eat: Chunk             |     2 |     2 ||     4
